 Dungeon Crawl Stone Soup version 0.28.0-43-g3370ac3207 (webtiles) character file.

Game seed: 3950516702598143091

375 jimonade the Slicer (level 6, 0/51 HPs)
             Began as a Gnoll Wanderer on Mar 19, 2022.
             Was an Initiate of Ashenzari.
             Succumbed to a water moccasin's poison
             ... on level 5 of the Dungeon.
             The game lasted 00:11:47 (3359 turns).

jimonade the Slicer (Gnoll Wanderer)                Turns: 3359, Time: 00:11:47

Health: 0/51       AC: 12    Str:  9    XL:     6   Next: 72%
Magic:  9/9        EV:  4    Int: 11    God:    Ashenzari [......]
Gold:   121        SH:  0    Dex: 16    Spells: 9/9 levels left

rFire   . . .      SeeInvis .   a - +2 short sword
rCold   . . .      Faith    .   (no shield)
rNeg    . . .      Spirit   .   n - +0 chain mail
rPois   .          Reflect  .   (no helmet)
rElec   .          Harm     .   h - +0 cloak "Lashed Soothsayer" {Alch, Fort} (curse)
rCorr   .          Rampage  .   c - +0 pair of gloves
Will    .....                   y - +0 pair of boots
Stlth   ..........              (no amulet)
HPRegen 0.17/turn               (no ring)
MPRegen 0.11/turn               (no ring)

@: lethally poisoned (0 -> -6)
A: fangs 1, strong nose, distributed training
a: Renounce Religion, Shatter the Chains


You were on level 5 of the Dungeon.
You worshipped Ashenzari.
Ashenzari was noncommittal.
You visited 1 branch of the dungeon, and saw 5 of its levels.

You collected 121 gold pieces.

Inventory:

Hand Weapons
 a - a +2 short sword (weapon)
 b - a +0 spear
 r - a +0 vampiric dagger
 u - a +0 hunting sling
Missiles
 f - 2 poisoned darts (quivered)
 g - 21 sling bullets
 o - 19 bolts
 p - 88 stones
 w - 5 javelins
 B - 32 arrows
Armour
 c - a +0 pair of gloves (worn)
 d - a +0 robe
 e - a +0 leather armour
 h - the cursed +0 cloak "Lashed Soothsayer" (worn) {Alch, Fort}
   (You found it on level 1 of the Dungeon)

   It has a curse which improves the following skills: Alchemy: Poison Magic and
   Transmutations.
   Fortitude: Armour and Shields.
 n - a +0 chain mail (worn)
 s - a +0 ring mail
 y - a +0 pair of boots (worn)
Magical Staves
 t - a staff of cold
Scrolls
 i - 2 scrolls of amnesia {unknown}
 j - a scroll of holy word {unknown}
 k - a scroll of blinking {unknown}
 l - a scroll of vulnerability {unknown}
 q - a scroll of enchant armour {unknown}
 v - 3 scrolls of identify {unknown}
Potions
 m - a potion of curing {unknown}
 x - a potion of degeneration {unknown}
 z - a potion of flight {unknown}
 A - 2 potions of heal wounds {unknown}
 C - 3 potions of lignification {unknown}
 D - a potion of brilliance {unknown}


   Skills:
 + Level 5.0 Fighting
 + Level 8.8 Short Blades
 + Level 2.1 Long Blades
 + Level 2.1 Axes
 + Level 2.1 Maces & Flails
 + Level 3.3 Polearms
 + Level 2.1 Staves
 + Level 2.1 Slings
 + Level 2.1 Bows
 + Level 2.1 Crossbows
 + Level 2.1 Throwing
 + Level 2.1(2.4) Armour
 + Level 2.1 Dodging
 + Level 6.3 Stealth
 + Level 2.1(2.4) Shields
 + Level 2.1 Unarmed Combat
 + Level 2.1 Spellcasting
 + Level 1.6 Conjurations
 + Level 1.6 Hexes
 + Level 1.6 Summonings
 + Level 1.6 Necromancy
 + Level 1.6 Translocations
 + Level 1.6(2.0) Transmutations
 + Level 1.6 Fire Magic
 + Level 1.6 Ice Magic
 + Level 1.6 Air Magic
 + Level 1.6 Earth Magic
 + Level 1.6(2.0) Poison Magic
 + Level 2.3 Invocations
 + Level 2.1 Evocations


You had 9 spell levels left.
You didn't know any spells.
Your spell library contained the following spells:

 Spells                   Type           Power      Damage    Failure   Level
 Freeze                   Ice            16%        1d4       100%        1
 Conjure Flame            Conj/Fire      4%         6-21      100%        3
 Frozen Ramparts          Ice            8%         1d2       100%        3
 Ignite Poison            Fire/Tmut/Pois 5%         N/A       100%        3
 Hailstorm                Conj/Ice       4%         3d4       100%        4
 Sticky Flame             Conj/Fire      4%         2d3       100%        4


Dungeon Overview and Level Annotations

Branches:
Dungeon (5/15)             Temple (0/1) D:4

Altars:
Ashenzari
Qazlal

Annotations:
D:4 Natasha


Innate Abilities, Weirdness & Mutations

You have very sharp teeth.
Your uncanny sense of smell can sniff out nearby items.
Your experience applies equally to all skills.


Message History

The water moccasin bites you but does no damage.
You completely miss the water moccasin.
You punch the water moccasin, but do no damage.
The water moccasin is severely wounded.
* * * LOW HITPOINT WARNING * * *
You feel sick. The water moccasin barely misses you.
You closely miss the water moccasin. Your bite misses the water moccasin.
The water moccasin is severely wounded.
* * * LOW HITPOINT WARNING * * *
You feel very sick.
The water moccasin bites you but does no damage.
You hit the water moccasin.
The water moccasin is almost dead.
* * * LOW HITPOINT WARNING * * *
You feel very sick. The water moccasin bites you.
* * * LOW HITPOINT WARNING * * *
You hit the water moccasin but do no damage.
Your bite misses the water moccasin.
The water moccasin is almost dead.
* * * LOW HITPOINT WARNING * * *
You feel sick.
The water moccasin bites you but does no damage.
You hit the water moccasin but do no damage.
The water moccasin is almost dead.
* * * LOW HITPOINT WARNING * * *
You feel sick.
The water moccasin bites you but does no damage.
You barely miss the water moccasin.
The water moccasin is almost dead.
* * * LOW HITPOINT WARNING * * *
You feel sick.
You closely miss the water moccasin.
The water moccasin is almost dead.
* * * LOW HITPOINT WARNING * * *
You feel sick.
The water moccasin bites you but does no damage.
You barely miss the water moccasin.
The water moccasin is almost dead.
You die...

. ### #.###.
.. .#... ..
...# #. ##..#
#. #..# #.##
#####..# #.@#
#.....# ∆
###S###.###.##
#..g...<.....#
#............#
####.........#
#.........#
##.........#
###..........#
#............#


You could see a water moccasin and a gnoll.

Vanquished Creatures
  A necrophage (D:3)
  2 hounds
  A centaur skeleton (D:3)
  Natasha (D:4)
  2 orc wizards
  6 adders
  3 worms
  A dart slug (D:1)
  9 orcs
  4 ball pythons (D:1)
  6 endoplasms
  A giant cockroach (D:3)
  6 goblins
  3 hobgoblins
  A quokka (D:1)
  5 bats
  6 frilled lizards
  3 kobolds
  6 rats
67 creatures vanquished.

Notes
Turn   | Place    | Note
-------+----------+-------------------------------------------
     0 | D:1      | jimonade the Gnoll Wanderer began the quest for the Orb.
     0 | D:1      | jimonade set off with the following items: a +2 short
                  | sword, a +0 spear, a +0 pair of gloves, a +0 robe
     0 | D:1      | Reached XP level 1. HP: 20/20 MP: 1/1
    68 | D:1      | Reached XP level 2. HP: 15/26 MP: 2/2
   346 | D:1      | Found a faded altar of an unknown god.
   654 | D:2      | Reached XP level 3. HP: 24/31 MP: 3/3
   683 | D:2      | Reached skill level 1 in Invocations
   685 | D:2      | Reached skill level 1 in Long Blades
   685 | D:2      | Reached skill level 1 in Axes
   685 | D:2      | Reached skill level 1 in Maces & Flails
   685 | D:2      | Reached skill level 1 in Staves
   685 | D:2      | Reached skill level 1 in Slings
   685 | D:2      | Reached skill level 1 in Bows
   685 | D:2      | Reached skill level 1 in Crossbows
   685 | D:2      | Reached skill level 1 in Throwing
   685 | D:2      | Reached skill level 1 in Armour
   685 | D:2      | Reached skill level 1 in Dodging
   685 | D:2      | Reached skill level 1 in Shields
   685 | D:2      | Reached skill level 1 in Unarmed Combat
   685 | D:2      | Reached skill level 1 in Spellcasting
   685 | D:2      | Reached skill level 1 in Evocations
   928 | D:2      | Reached XP level 4. HP: 38/38 MP: 5/5
  1589 | D:3      | Reached skill level 1 in Conjurations
  1589 | D:3      | Reached skill level 1 in Hexes
  1589 | D:3      | Reached skill level 1 in Summonings
  1589 | D:3      | Reached skill level 1 in Necromancy
  1589 | D:3      | Reached skill level 1 in Translocations
  1589 | D:3      | Reached skill level 1 in Transmutations
  1589 | D:3      | Reached skill level 1 in Fire Magic
  1589 | D:3      | Reached skill level 1 in Ice Magic
  1589 | D:3      | Reached skill level 1 in Air Magic
  1589 | D:3      | Reached skill level 1 in Earth Magic
  1589 | D:3      | Reached skill level 1 in Poison Magic
  1669 | D:3      | Reached XP level 5. HP: 43/43 MP: 6/6
  2318 | D:3      | Found a broken altar of Ashenzari.
  2326 | D:3      | Became a worshipper of Ashenzari the Shackled
  2777 | D:4      | Noticed a necrophage
  2824 | D:2      | Reached XP level 6. HP: 25/50 MP: 8/8
  3000 | D:3      | Killed a necrophage
  3001 | D:3      | Reached skill level 5 in Fighting
  3038 | D:4      | Noticed Natasha
  3059 | D:4      | Killed Natasha
  3174 | D:4      | Found a staircase to the Ecumenical Temple.
  3245 | D:4      | Found a stormy altar of Qazlal.
  3247 | D:4      | Noticed Natasha
  3266 | D:5      | Entered Level 5 of the Dungeon
  3324 | D:5      | Noticed a water moccasin
  3357 | D:5      | HP: 2/51 [poisoned by a water moccasin]
  3359 | D:5      | Succumbed to a water moccasin's poison

Illustrated notes

Levels and vault maps discovered:
D:1:      mrwooster_arrival_statue_2, layout_rooms,
          ebering_ecumenical_altar_mist
D:2:      layout_rooms
D:3:      layout_basic, mainiacjoe_overflow_tiny_flanked, roderic_roman_lattice,
          kennysheep_path_1
D:4:      minmay_chambers_of_fours, layout_gridville,
          nicolae_overflow_hallway_of_the_gods, minmay_temple_entry_water_ring,
          uniq_natasha
D:5:      layout_rooms, gup_sewer_entry_glass, nicolae_ossuary_entry_catacombs,
          supply_closet_lemuel, grunt_ministairs_9, lightli_church_of_beogh,
          uniq_crazy_yiuf_cottage

Skill      XL: |  1  2  3  4  5  6 |
---------------+-------------------+-----
Stealth        | 6 |  6.3
Invocations    | 1 2 |  2.3
Long Blades    | 1 2 |  2.1
Axes           | 1 2 |  2.1
Maces & Flails | 1 2 |  2.1
Staves         | 1 2 |  2.1
Slings         | 1 2 |  2.1
Bows           | 1 2 |  2.1
Crossbows      | 1 2 |  2.1
Throwing       | 1 2 |  2.1
Armour         | 1 2 |  2.1
Dodging        | 1 2 |  2.1
Shields        | 1 2 |  2.1
Unarmed Combat | 1 2 |  2.1
Spellcasting   | 1 2 |  2.1
Evocations     | 1 2 |  2.1
Conjurations   | 1 |  1.6
Hexes          | 1 |  1.6
Summonings     | 1 |  1.6
Necromancy     | 1 |  1.6
Translocations | 1 |  1.6
Transmutations | 1 |  1.6
Fire Magic     | 1 |  1.6
Ice Magic      | 1 |  1.6
Air Magic      | 1 |  1.6
Earth Magic    | 1 |  1.6
Poison Magic   | 1 |  1.6
Polearms       | 3 |  3.3
Fighting       | 5 |  5.0
Short Blades   | |  8.8

Action                   |  1- 3 |  4- 6 || total
-------------------------+-------+-------++-------
Melee: Short sword       |    84 |   232 ||   316
       Bite              |     7 |    19 ||    26
       Punch             |     2 |     6 ||     8
Throw: Dart              |       |    15 ||    15
       Stone             |       |     2 ||     2
Invok: Curse Item        |       |     1 ||     1
 Stab: Sleeping          |     6 |       ||     6
Armor: Leather armour    |     8 |       ||     8
       Chain mail        |     2 |   126 ||   128
Dodge: Dodged            |    28 |    45 ||    73
